 Dungeon Crawl Stone Soup version 0.29-a0-341-g24ffce5b50 (webtiles) character file.

Game seed: 10997328688769867656

34627 HendSelp the Sorcerer (level 13, 0/63 HPs)
             Began as a Deep Elf Conjurer on Apr 20, 2022.
             Was a High Priest of Vehumet.
             Slain by a black mamba (2 damage)
             ... while petrified by a basilisk
             ... on level 3 of the Lair of Beasts.
             The game lasted 00:29:05 (22635 turns).

HendSelp the Sorcerer (Deep Elf Conjurer)          Turns: 22635, Time: 00:29:06

Health: 0/63       AC: 14    Str:  4    XL:     13   Next: 43%
Magic:  40/40      EV:  2    Int: 29    God:    Vehumet [*****.]
Gold:   906        SH:  0    Dex: 13    Spells: 41/54 levels left

rFire   . . .      SeeInvis .   (no weapon)
rCold   . . .      Faith    .   (no shield)
rNeg    + + +      Spirit   .   a - +1 robe
rPois   ∞          Reflect  .   f - +0 helmet
rElec   .          Harm     .   (no cloak)
rCorr   .          Rampage  .   w - +0 pair of gloves
Will    +....                   D - +0 pair of boots
Stlth   ++........              d - amulet of magic regeneration
HPRegen 0.20/turn               h - +4 ring of protection
MPRegen 0.67/turn               C - +4 ring of protection

@: lethally poisoned (0 -> 0), petrified, studying Bows
A: no striking features
a: Renounce Religion


You were on level 3 of the Lair of Beasts.
You worshipped Vehumet.
Vehumet was extremely pleased with you.
You visited 3 branches of the dungeon, and saw 16 of its levels.
You also visited: Ossuary.

You collected 906 gold pieces.

Inventory:

Armour
 a - a +1 robe (worn)
 f - a +0 helmet (worn)
 w - a +0 pair of gloves (worn)
 D - a +0 pair of boots (worn)
Jewellery
 d - an amulet of magic regeneration (around neck)
 h - a +4 ring of protection (left hand)
 v - a ring of willpower
 C - a +4 ring of protection (right hand)
 E - a ring of poison resistance
 H - a ring of see invisible
Wands
 e - a wand of acid (10)
 l - a wand of paralysis (11)
 n - a wand of iceblast (17)
 t - a wand of mindburst (25)
 y - a wand of charming (5)
 F - a wand of polymorph (8)
 J - a wand of flame (8)
Scrolls
 i - 2 scrolls of fear
 k - 9 scrolls of teleportation
 o - 3 scrolls of amnesia
 p - 2 scrolls of immolation
 s - a scroll of silence
 u - 4 scrolls of magic mapping
 B - 3 scrolls of identify
 G - a scroll of blinking
Potions
 b - a potion of resistance
 c - 6 potions of mutation
 g - 2 potions of cancellation
 j - a potion of berserk rage
 m - 4 potions of ambrosia
 q - 3 potions of attraction
 r - 4 potions of might
 x - 2 potions of lignification
 z - a potion of flight
 A - 4 potions of brilliance
 I - 2 potions of magic


   Skills:
 - Level 2.4 Dodging
 - Level 2.4 Stealth
 * Level 21.4 Spellcasting
 * Level 17.6 Conjurations


You had 41 spell levels left.
You knew the following spells:

 Your Spells              Type           Power      Damage    Failure   Level
a - Magic Dart            Conj           100%       1d8       0%          1
b - Searing Ray           Conj           100%       2d8       0%          2
c - Iskenderun's Mystic   Conj/Tloc      70%        2d14      1%          4
d - Iron Shot             Conj/Erth      35%        9d7       1%          6

Your spell library contained the following spells:

 Spells                   Type           Power      Damage    Failure   Level
 Starburst                Conj/Fire      35%        6d10      1%          6
 Freeze                   Ice            100%       1d11      1%          1
 Pain                     Necr           100%       1d9       1%          1
 Shock                    Conj/Air       100%       1d9       1%          1
 Ensorcelled Hibernation  Hex/Ice        62%        N/A       1%          2
 Passwall                 Tmut/Erth      25%        N/A       1%          2
 Sublimation of Blood     Necr           31%        N/A       1%          2
 Wereblood                Tmut           31%        N/A       1%          2
 Dazzling Flash           Conj/Hex       100%       N/A       1%          3
 Frozen Ramparts          Ice            62%        1d8       1%          3
 Fulminant Prism          Conj/Hex       35%        3d18      1%          4
 Hailstorm                Conj/Ice       70%        3d15      1%          4
 Gell's Gravitas          Tloc           31%        N/A       3%          3
 Lesser Beckoning         Tloc           31%        N/A       3%          3
 Swiftness                Air            31%        N/A       3%          3
 Teleport Other           Tloc           31%        N/A       3%          3
 Tukima's Dance           Hex            31%        N/A       3%          3
 Airstrike                Air            15%        N/A       3%          4
 Anguish                  Hex/Necr       15%        N/A       12%         4
 Animate Armour           Summ/Erth      62%        N/A       12%         4
 Animate Dead             Necr           15%        N/A       12%         4
 Agony                    Necr           31%        N/A       32%         5
 Blade Hands              Tmut           15%        N/A       32%         5
 Borgnjor's Vile Clutch   Necr/Erth      15%        N/A       32%         5
 Excruciating Wounds      Necr           15%        N/A       32%         5
 Death Channel            Necr           15%        N/A       87%         6
 Dispersal                Tloc           15%        N/A       87%         6
 Enfeeble                 Hex            15%        N/A       100%        7
 Malign Gateway           Summ/Tloc      15%        N/A       100%        7
 Summon Hydra             Summ           15%        N/A       100%        7
 Summon Horrible Things   Summ           15%        N/A       100%        8


Dungeon Overview and Level Annotations

Branches:
Dungeon (11/15)            Temple (1/1) D:7            Lair (4/6) D:11
  Swamp (0/4) Lair:3        Snake (0/4) Lair:2      Ossuary (visited)
    Orc: D:9-12

Altars:
Ashenzari
Cheibriados
Dithmenos
Elyvilon
Fedhas
Gozag
Hepliaklqana
Kikubaaqudgha
Makhleb
Nemelex Xobeh
Okawaru
Qazlal
Ru
Sif Muna
Trog
Uskayaw
Vehumet
Wu Jian
Xom
Yredelemnul
Zin
The Shining One
Jiyva

Shops:
D:6 *   D:8 =*

Annotations:
D:4 1 runed translucent door, spaghetti's ghost, novice OpFi


Message History

The black mamba is moderately wounded.
The black mamba bites you but does no damage.
The black mamba bites you!
Casting: Magic Dart (safe; 0% risk of failure)
Confirm with . or Enter, or press ? or * to list all spells.
You erupt in a blast of force!
The mystic blast hits the plant!!
The plant begins to die.
The plant is lightly damaged.
The mystic blast hits the plant!!
The plant begins to die.
The plant is lightly damaged.
The mystic blast hits the black mamba!
The black mamba is severely wounded.
You hear a loud, deep croak!
You hear a croak.
The black mamba bites you! The black mamba closely misses you.
The basilisk gazes at you.
You are slowing down.
Unknown command.
The black mamba bites you but does no damage.
The black mamba bites you!
You are poisoned.
The black mamba poisons you!
Your limbs are stiffening.
You climb upwards.
You feel extremely sick.
You have turned to stone.
The black mamba bites you but does no damage.
The black mamba bites you!
The black mamba bites you but does no damage. x2
The black mamba bites you!
* * * LOW HITPOINT WARNING * * *
The black mamba bites you but does no damage.
The black mamba bites you.
* * * LOW HITPOINT WARNING * * *
The black mamba bites you!
* * * LOW HITPOINT WARNING * * *
The black mamba bites you.
* * * LOW HITPOINT WARNING * * *
The black mamba bites you!
* * * LOW HITPOINT WARNING * * *
The black mamba bites you.
You die...

###.####..###.####.##.####♣♣PP≈≈≈
............#.........#...♣♣≈≈≈≈≈
..........(...............♣≈≈≈≈≈≈
..........................♣≈P≈≈≈≈
...........................≈≈≈≈≈≈
....#.......#.........#....P≈≈≈≈≈
....#P.....##........#.#...≈≈≈≈≈P
.....................######≈P≈≈≈≈
................@.....##..≈≈≈≈≈.P
................S.......#..≈.≈...
.......................#.........
.................................
.............................##.#
..^...........#............####..
...PP...#..............P...###...
....PP......................###.#
......P....................####.#


You could see a black mamba.

Vanquished Creatures
  Josephine (D:10)
  5 hydras
  A catoblepas (D:10)
  A boulder beetle (Lair:3)
  6 two-headed ogres
  2 tengu warriors
  The ghost of Getsikk Qajo the Covert, a novice FeDe of Dithmenos (Lair:2)
  A cyclops (D:10)
  Joseph (D:7)
  7 cane toads
  2 black mambas
  A rime drake (Lair:3)
  A freezing wraith (D:10)
  2 komodo dragons
  A tengu conjurer (D:8)
  3 trolls
  2 polar bears
  2 hornets
  9 blink frogs
  3 slime creatures (Lair:2)
  5 wraiths
  A shadow (D:11)
  6 wyverns
  Eustachio (D:5)
  2 basilisks
  27 yaks
  2 steam dragons
  A vampire mosquito (D:10)
  2 swamp worms (Lair:3)
  Edmund (D:6)
  Menkaure (D:6)
  5 acid dragons
  2 nagas (Lair:2)
  12 water moccasins
  A sky beast (D:5)
  2 ice beasts
  7 black bears
  5 orc warriors
  5 ogres
  11 centaurs
  4 phantoms
  5 kobold brigands
  An elf zombie (Ossuary)
  12 bullfrogs
  2 necrophages
  2 gnoll sergeants (D:10)
  2 scorpions
  7 wights
  13 killer bees
  6 howler monkeys
  4 electric eels (D:9)
  5 hounds
  3 human zombies (Ossuary)
  7 jellies
  8 orc priests
  3 gnoll shamans
  Terence (D:3)
  13 orc wizards
  2 iguanas
  3 hound zombies (Ossuary)
  3 mummies (Ossuary)
  26 gnolls
  7 adders
  A river rat (Lair:1)
  A shadow imp (D:8)
  A white imp (D:6)
  3 ufetubi
  5 adder zombies (Ossuary)
  A worm (D:2)
  5 dart slugs
  27 orcs
  3 endoplasms
  4 giant cockroaches
  A gnoll zombie (Ossuary)
  3 goblins
  12 hobgoblins
  8 jackals
  19 kobolds
  5 quokkas
  4 ball pythons
  6 bats
  A hobgoblin zombie (Ossuary)
  2 jackal zombies (Ossuary)
  2 kobold zombies (Ossuary)
  3 orc zombies (Ossuary)
  7 quokka zombies (Ossuary)
  6 rats
  3 rat zombies (Ossuary)
423 creatures vanquished.

Vanquished Creatures (others)
  An orc warrior (D:9)
  An orc (D:9)
  15 fungi
  37 plants
54 creatures vanquished.

Grand Total: 477 creatures vanquished

Notes
Turn   | Place    | Note
-------+----------+-------------------------------------------
     0 | D:1      | HendSelp the Deep Elf Conjurer began the quest for the Orb.
     0 | D:1      | Reached XP level 1. HP: 10/10 MP: 6/6
   396 | D:1      | Reached XP level 2. HP: 15/15 MP: 4/8
   475 | D:1      | Learned a level 2 spell: Searing Ray
   582 | D:1      | Found a faded altar of an unknown god.
   586 | D:1      | Reached skill level 5 in Conjurations
  1292 | D:2      | Reached XP level 3. HP: 19/19 MP: 5/9
  1931 | D:2      | Found an ancient bone altar of Kikubaaqudgha.
  2288 | D:3      | Reached XP level 4. HP: 24/24 MP: 6/11
  2346 | D:3      | Noticed a centaur
  2354 | D:3      | Killed a centaur
  2355 | D:3      | Reached skill level 4 in Spellcasting
  2355 | D:3      | Reached XP level 5. HP: 16/28 MP: 5/14
  2561 | D:3      | Found a sparkling altar of Nemelex Xobeh.
  2944 | D:3      | Noticed an ogre
  2957 | D:3      | Reached skill level 5 in Spellcasting
  2957 | D:3      | Killed an ogre
  2959 | D:3      | Reached XP level 6. HP: 12/32 MP: 5/16
  3402 | D:3      | Noticed Terence
  3413 | D:3      | Killed Terence
  3915 | D:4      | Found a sand-covered staircase.
  3948 | D:4      | Reached skill level 6 in Spellcasting
  3958 | Ossuary  | Entered an ossuary
  5140 | Ossuary  | Reached skill level 7 in Spellcasting
  5140 | Ossuary  | Reached XP level 7. HP: 27/36 MP: 9/19
  5442 | D:4      | Found a runed translucent door.
  5443 | D:4      | Noticed spaghetti's ghost (novice OpFi)
  6083 | D:4      | Reached skill level 8 in Spellcasting
  6565 | D:5      | Entered Level 5 of the Dungeon
  6567 | D:5      | Noticed a hornet
  6606 | D:4      | Killed a hornet
  6607 | D:4      | Reached XP level 8. HP: 22/41 MP: 7/22
  7037 | D:5      | Reached skill level 9 in Spellcasting
  7597 | D:5      | Learned a level 4 spell: Iskenderun's Mystic Blast
  7657 | D:5      | HP: 2/41 [wraith (10)]
  7659 | D:5      | Reached skill level 10 in Spellcasting
  7990 | D:5      | Noticed Eustachio
  8006 | D:5      | Killed Eustachio
  8187 | D:5      | Reached skill level 11 in Spellcasting
  8187 | D:5      | Reached skill level 10 in Conjurations
  8190 | D:5      | Reached XP level 9. HP: 21/45 MP: 7/26
  8986 | D:6      | Noticed Menkaure
  9062 | D:6      | Reached skill level 12 in Spellcasting
  9213 | D:6      | Killed Menkaure
  9393 | D:6      | Noticed Edmund
  9409 | D:6      | Killed Edmund
 10130 | D:6      | Found Kojazxy's Gadget Gallery.
 10846 | D:7      | HP: 1/45 [centaur/arrow (4)]
 10847 | D:7      | Reached skill level 13 in Spellcasting
 11468 | D:7      | Found Yhepnuq's Antique Armour Shoppe.
 11470 | D:7      | Found a staircase to the Ecumenical Temple.
 11512 | Temple   | Entered the Ecumenical Temple
 11651 | Temple   | Became a worshipper of Vehumet
 11805 | D:7      | Noticed Joseph
 11808 | D:7      | Reached XP level 10. HP: 38/50 MP: 12/29
 11816 | D:7      | Killed Joseph
 12308 | D:8      | Reached skill level 14 in Spellcasting
 12455 | D:8      | Found Zetug's General Store.
 12461 | D:8      | Found Qeteshreip's Jewellery Boutique.
 12590 | D:8      | Noticed a tengu warrior
 12601 | D:8      | Killed a tengu warrior
 12718 | D:8      | Noticed a lindwurm
 12731 | D:8      | Noticed a lindwurm
 13183 | D:8      | Noticed a two-headed ogre
 13190 | D:8      | Reached skill level 15 in Spellcasting
 13192 | D:8      | Killed a two-headed ogre
 13192 | D:8      | Reached * piety under Vehumet
 13192 | D:8      | Offered knowledge of Shock by Vehumet.
 13677 | D:8      | Noticed a lindwurm
 13699 | D:8      | Noticed a lindwurm
 14017 | D:9      | Noticed a two-headed ogre
 14027 | D:9      | Killed a two-headed ogre
 14028 | D:9      | Reached skill level 16 in Spellcasting
 14028 | D:9      | Reached XP level 11. HP: 40/54 MP: 23/33
 14111 | D:9      | Offered knowledge of Static Discharge by Vehumet.
 14114 | D:9      | Reached ** piety under Vehumet
 14700 | D:9      | Noticed a tengu warrior
 14709 | D:9      | Noticed a two-headed ogre
 14712 | D:9      | Killed a tengu warrior
 14713 | D:9      | Reached skill level 17 in Spellcasting
 14718 | D:9      | Killed a two-headed ogre
 15026 | D:9      | Identified the +5 ring mail "Gaxtanty" {+Inv Str+3 Int-4
                  | SInv}
 15679 | D:9      | Offered knowledge of Stone Arrow by Vehumet.
 15997 | D:10     | Entered Level 10 of the Dungeon
 16163 | D:10     | Reached *** piety under Vehumet
 16241 | D:10     | Identified the +11 long sword "Defit" {vamp, rElec rF+ rN+
                  | Int+3}
 16799 | D:10     | Noticed Josephine
 16805 | D:10     | Killed Josephine
 16805 | D:10     | Offered knowledge of Mephitic Cloud by Vehumet.
 16806 | D:10     | Reached skill level 18 in Spellcasting
 16810 | D:10     | Reached skill level 15 in Conjurations
 17179 | D:10     | Noticed a two-headed ogre
 17189 | D:10     | Killed a two-headed ogre
 17190 | D:10     | Reached XP level 12. HP: 59/59 MP: 24/36
 17298 | D:10     | Noticed a two-headed ogre
 17306 | D:10     | Killed a two-headed ogre
 17335 | D:10     | Noticed an eight-headed hydra
 17336 | D:10     | Noticed a catoblepas
 17350 | D:10     | Killed an eight-headed hydra
 17356 | D:10     | Killed a catoblepas
 17357 | D:10     | Reached skill level 19 in Spellcasting
 17363 | D:10     | Noticed a two-headed ogre
 17378 | D:10     | Killed a two-headed ogre
 17722 | D:11     | Noticed a seven-headed hydra
 17731 | D:11     | Reached **** piety under Vehumet
 17734 | D:11     | Killed a seven-headed hydra
 17767 | D:11     | Found a staircase to the Lair.
 17850 | D:11     | Offered knowledge of Flame Wave by Vehumet.
 18327 | D:11     | Identified the +1 robe "Cots" {rF- rN+ Str+3}
 18950 | Lair:1   | Entered Level 1 of the Lair of Beasts
 18950 | Lair:1   | Noticed a six-headed hydra
 18960 | D:11     | Learned a level 6 spell: Iron Shot
 18963 | Lair:1   | Killed a six-headed hydra
 18964 | Lair:1   | Reached skill level 20 in Spellcasting
 19346 | Lair:1   | Noticed an eight-headed hydra
 19350 | Lair:1   | Killed an eight-headed hydra
 19845 | Lair:1   | Reached XP level 13. HP: 53/63 MP: 19/39
 20302 | Lair:2   | Found a staircase to the Snake Pit.
 20336 | Lair:2   | Found a runed translucent gate.
 20336 | Lair:2   | Found a runed translucent gate.
 20336 | Lair:2   | Found a runed translucent gate.
 20337 | Lair:2   | Found a viscous altar of Jiyva.
 20337 | Lair:2   | Noticed Getsikk Qajo's ghost (novice FeDe)
 20534 | Lair:2   | Reached ***** piety under Vehumet
 21291 | Lair:2   | Offered knowledge of Starburst by Vehumet.
 21295 | Lair:2   | Killed Getsikk Qajo's ghost
 21429 | Lair:3   | Reached skill level 21 in Spellcasting
 22226 | Lair:3   | Found a staircase to the Swamp.
 22635 | Lair:3   | HP: 2/63 [black mamba (5)]
 22635 | Lair:3   | Slain by a black mamba

Illustrated notes

Levels and vault maps discovered:
D:1:      eino_arrival_tree_alley, layout_basic, ebering_ecumenical_altar_hall
D:2:      layout_rooms, basic_altar, kennysheep_crisscross
D:3:      layout_loops_cross, nemelex_diamond_rough_becter,
          minmay_misc_feat_rows, kennysheep_potato, uniq_terence
D:4:      layout_loops_corners, nicolae_ossuary_entry_ruins,
          gammafunk_ghost_grave, kennysheep_cross_bottleneck,
          kennysheep_generic_room_3
D:5:      layout_rooms, kennysheep_generic_room_16, uniq_eustachio
D:6:      layout_layer_cave, corner_web_ring, nicolae_shop_gadgets,
          uniq_menkaure, uniq_edmund
D:7:      layout_rooms, minmay_temple_entry_trees, serial_shops, shop_fountains,
          uniq_joseph
D:8:      minmay_razor_zed, layout_basic, serial_shops, nicolae_shop_stone,
          shop, minmay_lindwurm_lava
D:9:      layout_small_grid, serial_bayou, serial_bayou_pond_b,
          serial_bayou_pond_b, serial_bayou_lagoon_a, serial_bayou_crossing,
          serial_bayou_pond_b, minmay_fractal_squares_gapless_5
D:10:     minmay_chambers_of_sevens, layout_basic, uniq_josephine
D:11:     layout_grid_maze, david_lair_generic, minmay_liquid_box
Temple:   mainiacjoe_temple_hex_bubbles
Lair:1:   layout_long_grid, minivault_26, chequers_serial_rivers_marsh, pond
Lair:2:   layout_hall_layers, guppyfry_snake_entry_garden, gammafunk_ghost_ooze,
          chequers_serial_rivers_micro_e
Lair:3:   layout_gridlike, minmay_swamp_entry_worms, beast_lair_carwin_4,
          serial_bayou_shore_a, infiniplex_staircase_pool_2
Lair:4:   layout_gridlike

Skill      XL: |  1  2  3  4  5  6  7  8  9 10 11 12 13 |
---------------+----------------------------------------+-----
Conjurations   | 5 6 7 8 10 11 13 15 16 17 | 17.6
Spellcasting   | 4 5 7 8 11 13 16 18 20 21 | 21.4
Dodging        | |  2.4
Stealth        | |  2.4

Action                   |  1- 3 |  4- 6 |  7- 9 | 10-12 | 13-15 || total
-------------------------+-------+-------+-------+-------+-------++-------
Melee: Unarmed           |     1 |       |     7 |    13 |     2 ||    23
       Punch             |       |       |       |     1 |       ||     1
 Cast: Magic Dart        |    84 |   159 |   267 |   268 |    92 ||   870
       Searing Ray       |     2 |     8 |    29 |    32 |     2 ||    73
       Iskenderun's Myst |       |       |    14 |   177 |    60 ||   251
       Iron Shot         |       |       |       |     6 |     8 ||    14
Evoke: Wand              |       |       |     2 |       |       ||     2
  Use: Scroll            |     8 |     3 |    11 |     5 |     2 ||    29
       Potion            |       |     3 |     7 |     4 |       ||    14
Armor: Robe              |       |    21 |    58 |    77 |    20 ||   176
       Skin              |       |       |    12 |       |       ||    12
Dodge: Dodged            |    10 |    44 |    98 |   111 |    18 ||   281

Table legend: (Time is in decaauts)
 A = Elapsed time spent in this place.
 B = Non-inter-level travel time spent in this place.
 C = Inter-level travel time spent in this place.
 D = Time resting spent in this place.
 E = Time spent auto-exploring this place.
 F = Levels seen in this place.
 G = Mean time per level.
                   A        B        C        D        E       F      G
               +--------+--------+--------+--------+--------+-----+--------+
         Total |  22681 |  21998 |    683 |    477 |  18927 |  17 | 1334.2 |
       Dungeon |  17329 |  16771 |    558 |    133 |  14710 |  11 | 1575.4 |
        Temple |    232 |    212 |     20 |      0 |    208 |   1 |  232.0 |
          Lair |   3697 |   3593 |    104 |      0 |   3134 |   4 |  924.2 |
       Ossuary |   1421 |   1421 |      0 |    344 |    875 |   1 | 1421.0 |
               +--------+--------+--------+--------+--------+-----+--------+

Top non-repeatable levels by time:
     D:9: 2093 daAuts
     D:6: 2022 daAuts
     D:5: 1771 daAuts
     D:4: 1749 daAuts
    D:10: 1636 daAuts
     D:3: 1633 daAuts
     D:8: 1620 daAuts
 Ossuary: 1421 daAuts
    D:11: 1334 daAuts
  Lair:3: 1311 daAuts
     D:7: 1292 daAuts
  Lair:1: 1277 daAuts
     D:1: 1165 daAuts
  Lair:2: 1097 daAuts
     D:2: 1011 daAuts
